Map: Blackpink LE

Players

Light

  • Race: Terran Terran
  • Spawn Location: 1:00

IndyOBS - Winner!

  • Race: Zerg Zerg
  • Spawn Location: 7:00

VOD

Have the link to the VOD?

Description

Time

  • Played on: Dec. 16, 2017, 1:29 p.m.
  • Length: 7:27
Show
View Real Time Build Order
Export as new Build Order

Light Terran 

Build Orders:  

Get SALT Encoding   

  12  0:25  Supply Depot  
  12  0:42  SCV  
  13  0:48  Supply Depot  
  13  0:54  SCV  
  14  1:06  SCV  
  14  1:09  Refinery  
  15  1:11  Supply Depot  
  15  1:32  Refinery  
  15  1:35  Barracks  
  15  2:01  SCV  
  16  2:13  SCV  
  17  2:23  Barracks  
  17  2:33  Engineering Bay  
  17  2:42  Orbital Command  
  17  2:59  Engineering Bay  
  17  3:10  Marine  
  16  3:23  Marine  
  13  3:28  Marine  
  8  3:41  Marine  
Show
View Real Time Build Order
Export as new Build Order

IndyOBS Zerg - Winner!

Build Orders: Pool Only, Ravager All-In 

Get SALT Encoding   

  12  0:17  Spawning Pool  
  11  0:21  Drone  
  11  0:26  Drone  
  13  0:31  Drone  
  13  0:35  Extractor  
  13  0:37  Drone  
  14  0:45  Extractor  
  14  0:47  Drone  
  14  1:04  Roach Warren  
  14  1:06  Drone  
  14  1:11  Overlord  
  14  1:24  Overlord  
  14  1:44  Roach x2  
  18  1:48  Roach  
  20  1:58  Roach  
  22  2:05  Ravager x2  
  24  2:18  Ravager  
  25  2:27  Zergling x2  
  25  2:28  Zergling x2  
  27  2:31  Ravager  
  27  2:36  Roach  
  30  2:45  Overlord  
  30  3:11  Roach  
  30  3:12  Roach  
  34  4:14  Ravager  
  34  4:15  Ravager  
  34  4:16  Ravager  
  34  4:18  Overlord x2  
  34  6:33  Roach x3  
Tags
 
Matchup
TvZ
Opening
Pool Only
Spawn Locations
Cross Positions
Add a new tag
Caveats
  • Supply blocks, unpowered buildings, or Contaminate may cause inaccurate times.
  • Supply counts are checked every 10 seconds.